AoeStats
← Michi3052

Arabia

506905669Analyzed
1v1 RM · 18d ago on Sep 15, 2026· 34m 42s· 2 players
Game mode
Random Map
Map size
Tiny (2 player)
Population
200
Speed
Normal
Resources
Standard
Victory
Conquest
Starting age
Dark Age
Ending age
Imperial Age
RankedLock teamsTeams togetherTeam positionsShared explorationLock speedFull tech treeHidden civsTurbo modeCheats
Victory
Defeat
🇧🇪 Vietnamese · Belgium
814
+37
🇪🇸 Turks · Spain
772
-14
Michi3052
9:39 Loom
12:36 Feudal Age
13:38 Double-Bit Axe
15:35 Bloodlines
22:20 Castle Age
21:16 Horse Collar
28:51 Imperial Age
29:22 Padded Archer Armor
29:13 Fletching
cox-w
11:23 Feudal Age
9:39 Loom
13:05 Wheelbarrow
21:58 Padded Archer Armor
22:08 Horse Collar
24:38 Fletching
29:57 Castle Age
30:39 Elite Skirmisher
31:26 Thumb Ring
31:45 Leather Archer Armor
31:25 Bodkin Arrow
31:50 Forging
33:31 Hand Cart
33:05 Town Watch
Connection lost

Rejoining the realm…

Still unreachable

The connection could not be restored.

Session expired

The server has moved on; the page needs a fresh start.